 Dungeon Crawl Stone Soup version 0.28-a0-10-g964c8b8 (webtiles) character file.

Game seed: 1422227263193199848

208 Geeful the Skirmisher (level 5, 0/59 HPs)
             Began as an Ogre Monk on July 25, 2021.
             Slain by Grinder (1 damage)
             ... while paralysed by Grinder
             ... on level 3 of the Dungeon.
             The game lasted 00:06:02 (2354 turns).

Geeful the Skirmisher (Ogre Monk)                   Turns: 2354, Time: 00:06:03

Health: 0/59       AC:  7    Str: 16    XL:     5   Next: 86%
Magic:  5/5        EV:  1    Int: 11    God:
Gold:   111        SH:  0    Dex: 11    Spells: 4/4 levels left

rFire   . . .      SeeInvis .   h - +0 flail
rCold   . . .      Faith    .   (no shield)
rNeg    . . .      Spirit   .   b - +0 robe
rPois   .          Reflect  .   (helmet restricted)
rElec   .          Harm     .   (no cloak)
rCorr   .          Rampage  .   (gloves unavailable)
Will    .....                   (boots unavailable)
Stlth   ++........              (no amulet)
HPRegen 0.19/turn               g - +4 ring of protection
MPRegen 0.09/turn               (no ring)

@: paralysed
A: large, unfitting armour, tough skin 1
a: no special abilities


You were on level 3 of the Dungeon.
You visited 1 branch of the dungeon, and saw 3 of its levels.

You collected 111 gold pieces.

Inventory:

Hand Weapons
 h - a +0 flail (weapon)
Missiles
 e - 19 poisoned darts (quivered)
Armour
 b - a +0 robe (worn)
Jewellery
 g - a +4 ring of protection (left hand)
Scrolls
 d - 2 scrolls of identify
Potions
 a - a potion of invisibility
 c - a potion of flight
 f - a potion of ambrosia
 i - a potion of lignification


   Skills:
 + Level 5.8 Fighting
 + Level 4.0 Maces & Flails
 + Level 0.0 Throwing
 + Level 3.9 Dodging
 - Level 1.4 Stealth


You had 4 spell levels left.
You didn't know any spells.
Your spell library was empty.

Dungeon Overview and Level Annotations

Branches:
Dungeon (3/15)

Altars:
Qazlal

Shops:
D:2 =

Annotations:
D:3 Grinder


Innate Abilities, Weirdness & Mutations

You are too large for most types of armour.
You have tough skin. (AC +1)


Message History

The water moccasin zombie closely misses you.
You closely miss the water moccasin zombie.
The water moccasin zombie is moderately damaged.
The water moccasin zombie bites you but does no damage.
You thump the water moccasin zombie!
The water moccasin zombie is heavily damaged.
The water moccasin zombie bites you.
Grinder blinks!
You hit Grinder.
Grinder is lightly wounded.
The water moccasin zombie closely misses you.
Grinder barely misses you.
The water moccasin zombie closely misses you.
You hit Grinder but do no damage.
Grinder is lightly wounded.
Grinder hits you.
You writhe in agony.
The water moccasin zombie bites you but does no damage.
You barely miss Grinder.
Grinder is lightly wounded.
Grinder gestures at you.
You suddenly lose the ability to move!
The water moccasin zombie bites you. Grinder hits you.
You writhe in agony.
The water moccasin zombie barely misses you.
The water moccasin zombie bites you. Grinder hits you.
You writhe in agony.
The water moccasin zombie bites you. Grinder hits you but does no damage.
The water moccasin zombie bites you but does no damage.
Grinder hits you.
* * * LOW HITPOINT WARNING * * *
You writhe in agony.
* * * LOW HITPOINT WARNING * * *
The water moccasin zombie bites you.
* * * LOW HITPOINT WARNING * * *
Grinder hits you.
* * * LOW HITPOINT WARNING * * *
You writhe in agony.
* * * LOW HITPOINT WARNING * * *
The water moccasin zombie bites you.
* * * LOW HITPOINT WARNING * * *
The water moccasin zombie bites you but does no damage.
Grinder hits you.
You die...

##############
.............#
............>#
######.####.########
#...................
#.####.####.########
#...Z@......#
#..###5####.# ....
...# #.# ##.. ...#
#.# ## ....#
#.####### ....#
#.......# #....#
#######.#
..#######...# ..#..
... .........#


You could see Grinder (resistant) and a water moccasin zombie.

Vanquished Creatures
  An ice beast (D:2)
  3 gnolls (D:2)
  2 adders (D:2)
  A worm (D:3)
  3 dart slugs
  4 endoplasms
  5 giant cockroaches
  5 hobgoblins
  4 jackals (D:1)
  2 kobolds (D:1)
  3 quokkas (D:2)
  5 ball pythons
  3 bats
  2 frilled lizards (D:1)
  5 goblins
  7 rats
55 creatures vanquished.

Vanquished Creatures (others)
  2 plants (D:1)
2 creatures vanquished.

Grand Total: 57 creatures vanquished

Notes
Turn   | Place    | Note
-------+----------+-------------------------------------------
     0 | D:1      | Geeful the Ogre Monk began the quest for the Orb.
     0 | D:1      | Reached XP level 1. HP: 24/24 MP: 1/1
   191 | D:1      | Reached XP level 2. HP: 32/32 MP: 2/2
   263 | D:1      | Found a faded altar of an unknown god.
   311 | D:1      | Reached XP level 3. HP: 29/40 MP: 3/3
  1286 | D:2      | Reached skill level 5 in Fighting
  1286 | D:2      | Reached XP level 4. HP: 49/50 MP: 4/4
  1632 | D:2      | Found a stormy altar of Qazlal.
  1634 | D:2      | Found Kidwadev's Jewellery Shop.
  1857 | D:3      | Noticed an ice beast
  1885 | D:2      | Killed an ice beast
  1886 | D:2      | Reached XP level 5. HP: 11/59 MP: 5/5
  2336 | D:3      | Noticed Grinder
  2336 | D:3      | Paralysed by Grinder for 4 turns
  2349 | D:3      | Paralysed by Grinder for 7 turns
  2353 | D:3      | HP: 2/59 [Grinder (4)]
  2354 | D:3      | Slain by Grinder

Illustrated notes

Levels and vault maps discovered:
D:1:      dpeg_cavernosity, layout_basic, hellmonk_ecumenical_altar_run_dry,
          minmay_misc_feat_roman, minivault_27, palyth_stone_intersect,
          serial_bayou_lagoon_a
D:2:      layout_rooms, serial_shops, shop_statue, basic_altar
D:3:      minmay_chambers_of_threes, layout_basic, lemuel_tele_altar,
          nicolae_overflow_hidden_temple, minmay_misc_feat_cross, uniq_grinder

Skill      XL: |  1  2  3  4  5 |
---------------+----------------+-----
Maces & Flails | 3 4 |  4.0
Dodging        | 3 |  3.9
Fighting       | 5 |  5.8
Stealth        | |  1.4

Action                   |  1- 3 |  4- 6 || total
-------------------------+-------+-------++-------
Melee: Mace              |   120 |       ||   120
       Flail             |       |    85 ||    85
  Use: Scroll            |     3 |     1 ||     4
       Potion            |       |     1 ||     1
 Stab: Sleeping          |     4 |       ||     4
       Distracted        |     1 |       ||     1
Armor: Robe              |    43 |    55 ||    98
Dodge: Dodged            |    76 |    64 ||   140

Table legend: (Time is in decaauts)
 A = Elapsed time spent in this place.
 B = Non-inter-level travel time spent in this place.
 C = Inter-level travel time spent in this place.
 D = Time resting spent in this place.
 E = Time spent auto-exploring this place.
 F = Levels seen in this place.
 G = Mean time per level.
                   A        B        C        D        E       F      G
               +--------+--------+--------+--------+--------+-----+--------+
         Total |   2412 |   2341 |     71 |    248 |   1577 |   3 |  804.0 |
       Dungeon |   2412 |   2341 |     71 |    248 |   1577 |   3 |  804.0 |
               +--------+--------+--------+--------+--------+-----+--------+

Top non-repeatable levels by time:
     D:2: 1195 daAuts
     D:1: 991 daAuts
     D:3: 226 daAuts
